 Dungeon Crawl Stone Soup version 0.24-a0-355-gbe4061de67 (webtiles) character file.

Game seed: 14187706150045344276

21 D1HalberdGnoll the Grave Robber (level 2, 0/20 HPs)
             Began as a Vampire Necromancer on May 24, 2019.
             Shot with a stone by a goblin (2 damage)
             ... on level 2 of the Dungeon.
             The game lasted 00:01:40 (1702 turns).

D1HalberdGnoll the Grave Robber (VpNe)              Turns: 1702, Time: 00:01:41

Health: 0/20       AC:  2    Str: 12    XL:     2   Next: 62%
Magic:  1/5        EV: 12    Int: 17    God:
Gold:   23         SH:  3    Dex: 14    Spells: 3/5 levels left

rFire    . . .     SeeInvis +   b - +0 club
rCold    . . .     Gourm    .   d - +0 buckler
rNeg     + . .     Faith    .   a - +0 robe
rPois    .         Spirit   .   (no helmet)
rElec    .         Reflect  .   (no cloak)
rCorr    .         Harm     .   (no gloves)
MR       .....                  (no boots)
Stlth    ++........             (no amulet)
HPRegen  0.06/turn              (no ring)
MPRegen  0.09/turn              (no ring)

@: mighty, lethally poisoned (0 -> -5)
A: fangs 3, see invisible, unbreathing
a: no special abilities


You were on level 2 of the Dungeon.
You were not thirsty.

You visited 1 branch of the dungeon, and saw 2 of its levels.

You collected 23 gold pieces.

Inventory:

Hand Weapons
 b - a +0 club (weapon)
Armour
 a - a +0 robe (worn)
 d - a +0 buckler (worn)
Scrolls
 e - a scroll of blinking {unknown}
 f - a scroll of identify {unknown}
 g - a scroll of magic mapping {unknown}
 h - a scroll of teleportation {unknown}
 i - a scroll of random uselessness {unknown}
 k - 2 scrolls of remove curse {unknown}
 l - a scroll of amnesia {unknown}
Potions
 c - 2 potions of blood
 j - a potion of might


   Skills:
 + Level 0.6 Fighting
 - Level 2.2 Dodging
 - Level 3.0 Stealth
 + Level 0.5 Shields
 + Level 2.2 Spellcasting
 * Level 4.7 Necromancy


You had 3 spell levels left.
You knew the following spells:

 Your Spells              Type           Power        Failure   Level  Hunger
a - Pain                  Necr           ###.         4%          1    #......
s - Animate Skeleton      Necr           N/A          4%          1    #......

Your spell library contained the following spells:

 Spells                   Type           Power        Failure   Level  Hunger
 Vampiric Draining        Necr           ###.......   12%         3    ###....
 Regeneration             Chrm/Necr      ##........   32%         3    ###....
 Animate Dead             Necr           N/A          38%         4    #####..


Dungeon Overview and Level Annotations

Branches:
Dungeon (2/15)

Altars:


Innate Abilities, Weirdness & Mutations

You have razor-sharp teeth.
You have supernaturally acute eyesight. (SInv)
You can survive without breathing.


Message History

The goblin barely resists.
Casting: Pain (safe; 4% risk of failure)
Confirm with . or Enter, or press ? or * to list all spells.
Aiming: Pain (safe; 4% risk of failure)
Press: ? - help, Shift-Dir - straight line, f/p - goblin
Aim: a goblin, wielding a +0 hunting sling (chance to defeat MR: 89%)
The goblin writhes in agony.
You feel sick.
The goblin shoots a stone.
You block the stone.
Casting: Pain (safe; 4% risk of failure)
Confirm with . or Enter, or press ? or * to list all spells.
Aiming: Pain (safe; 4% risk of failure)
Press: ? - help, Shift-Dir - straight line, f/p - goblin
Aim: a goblin, wielding a +0 hunting sling (moderately wounded, chance to defeat MR: 89%)
The goblin writhes in agony.
The goblin shoots a stone.
The stone hits you.
* * * LOW HITPOINT WARNING * * *
It was a potion of might.
You feel very mighty all of a sudden.
* * * LOW HITPOINT WARNING * * *
You feel sick.
The goblin shoots a stone.
The stone hits you.
You die...

#. . #.# # .g #..
r#.# . ..###g.. .
.r... ##. #gs# ..
#g# .# # #### #(# .#
#>...# ###@#
.###.##.# ##.#.#
........#####....###
...................+
..#.###.###.....(.##
.##.# #.# #.##.#..#
###.# #.# #.####..#
###.###.# #.# .>.#
≈..≈....# #.# ##.#


You could see a giant cockroach, 2 goblins and a rat.

Vanquished Creatures
  A worm (D:2)
  2 giant cockroaches (D:1)
  A goblin (D:2)
  5 hobgoblins
  3 bats
  A frilled lizard (D:1)
  5 rats
18 creatures vanquished.

Notes
Turn   | Place    | Note
-------+----------+-------------------------------------------
     0 | D:1      | D1HalberdGnoll the Vampire Necromancer began the quest for
                  | the Orb.
     0 | D:1      | Reached XP level 1. HP: 13/13 MP: 3/3
    42 | D:1      | Learned a level 1 spell: Animate Skeleton
   172 | D:1      | Reached XP level 2. HP: 18/20 MP: 3/5
  1538 | D:2      | Found a faded altar of an unknown god.
  1702 | D:2      | Shot with a stone by a goblin

Levels and vault maps discovered:
D:1:      scummos_arrival_forest, layout_basic, supply_closet_lemuel,
          minivault_5, chequers_jeans
D:2:      layout_loops_corners, nicolae_overflow_crystal_walls, first_ration,
          chequers_ecumenical_altar_island, minmay_tetromino_t4

Action                   || total
-------------------------++-------
Melee: Club              ||     5
       Bite              ||     1
 Cast: Pain              ||    33
       Animate Skeleton  ||     2
  Use: Potion            ||     1
  Eat: Corpse            ||     2
Armor: Robe              ||     2
Dodge: Dodged            ||     6
Block: Buckler           ||     4

Table legend:
 A = Non-vault XP
 B = Vault XP
 C = Vault XP percentage of total XP
 D = Non-vault monster count
 E = Vault monster count
 F = Vault count percentage of total count
                 A         B        C        D         E       F
            +---------+---------+-------+---------+---------+-------
      Total |      28 |       2 |   6.7 |      17 |       1 |   5.6
            +---------+---------+-------+---------+---------+-------
        D:1 |      19 |       0 |   0.0 |      13 |       0 |   0.0
        D:2 |       9 |       2 |  18.2 |       4 |       1 |  20.0
            +---------+---------+-------+---------+---------+-------
